 Dungeon Crawl Stone Soup version 0.26.1-2-gb8aa6d0cf2 (webtiles) character file.

Game seed: 16067271298379538122

472 Phaedo the Covert (level 7, -6/46 HPs)
             Began as an Octopode Delver on Mar 29, 2021.
             Was a Follower of Vehumet.
             Mangled by an ogre
             ... wielding a +0 giant spiked club
              (29 damage)
             ... on level 5 of the Dungeon.
             The game lasted 00:09:06 (4424 turns).

Phaedo the Covert (Octopode Delver)                 Turns: 4424, Time: 00:09:07

Health: -6/46      AC:  1    Str: 11    XL:     7   Next: 9%
Magic:  3/8        EV: 13    Int: 14    God:    Vehumet [*.....]
Gold:   209        SH:  4    Dex: 14    Spells: 6/8 levels left

rFire    . . .     SeeInvis .   n - +1 war axe "Baliug" {vorpal, rPois} (curse)
rCold    . . .     Faith    .   t - +0 buckler
rNeg     . . .     Spirit   .   (helmet restricted)
rPois    +         Reflect  .   q - amulet of regeneration
rElec    .         Harm     .   (no ring)
rCorr    .         Rampage  .   (no ring)
Will     .....                  (no ring)
Stlth    +++++.....             (no ring)
HPRegen  0.55/turn              (no ring)
MPRegen  0.11/turn              (no ring)
                                (no ring)
                                (no ring)

@: no status effects
A: almost no armour, stealthy swim, amphibious, 8 rings, constrict 8, camouflage
1, gelatinous body 1
a: Renounce Religion


You were on level 5 of the Dungeon.
You worshipped Vehumet.
Vehumet was aware of your devotion.
You visited 2 branches of the dungeon, and saw 6 of its levels.

You collected 209 gold pieces.

Inventory:

Hand Weapons
 a - a +0 spear
 h - a +0 hand crossbow
 n - the cursed +1 war axe "Baliug" (weapon) {vorpal, rPois}
   (You found it on level 3 of the Dungeon)

   It inflicts extra damage upon your enemies.
   It protects you from poison.
   It has a curse placed upon it.
Missiles
 e - 99 stones (quivered)
 m - 6 poisoned darts
Armour
 t - a +0 buckler (worn)
Jewellery
 q - an amulet of regeneration (around mantle)
 r - an uncursed ring of resist corrosion
Wands
 f - a wand of digging (3)
Scrolls
 b - a scroll of fog
 c - a scroll of magic mapping
 d - a scroll of noise {unknown}
 l - a scroll of enchant weapon {unknown}
 o - a scroll of blinking {unknown}
 p - 4 scrolls of teleportation {unknown}
 v - a scroll of fear
Potions
 g - a potion of resistance
 i - a potion of cancellation
 j - 3 potions of lignification
 k - a potion of curing {unknown}
 s - 2 potions of brilliance
 u - a potion of degeneration {unknown}


   Skills:
 - Level 3.0 Fighting
 + Level 1.1(2.0) Axes
 - Level 2.5(2.6) Polearms
 + Level 2.9 Dodging
 + Level 10.0 Stealth
 * Level 1.1 Shields
 + Level 1.2 Spellcasting
 * Level 2.1 Conjurations
 - Level 1.0 Evocations


You had 6 spell levels left.
You knew the following spells:

 Your Spells              Type           Power        Failure   Level
s - Searing Ray           Conj           12%          22%         2

Your spell library contained the following spells:

 Spells                   Type           Power        Failure   Level
 Sandblast                Erth           0%           36%         1
 Magic Dart               Conj           24%          16%         1
 Dazzling Flash           Conj/Hex       6%           56%         3
 Fulminant Prism          Conj/Hex       1%           93%         4
 Iskenderun's Mystic Bla  Conj/Tloc      3%           93%         4


Dungeon Overview and Level Annotations

Branches:
Dungeon (5/15)             Temple (1/1) D:5

Altars:
Ashenzari
Cheibriados
Dithmenos
Elyvilon
Fedhas
Gozag
Nemelex Xobeh
Okawaru
Ru
Trog
Uskayaw
Vehumet
Wu Jian
Yredelemnul
Zin

Shops:
D:5 (?(


Innate Abilities, Weirdness & Mutations

You cannot wear most types of armour.
You are very stealthy in the water. (Stealth+)
You are amphibious.
You can wear up to eight rings at the same time.
You can use your tentacles to constrict eight enemies at once.
Your skin changes colour to match your surroundings (Stealth+).
Your rubbery body absorbs attacks. (AC +1, EV +1)


Message History

Aiming: Searing Ray (safe; 22% risk of failure)
Press: ? - help, Shift-Dir - straight line, f - ogre
Aim: an ogre, wielding a +0 giant spiked club (wandering, hasn't noticed you, 12% to evade)
The searing ray hits the ogre.
The ogre is lightly wounded.
The ogre shouts! (Press . to maintain the ray.)
The searing ray hits the ogre.
The ogre is moderately wounded.
A scorpion comes into view.
The searing ray hits the ogre.
The ogre is moderately wounded.
The ogre hits you with a +0 giant spiked club!!
Ouch! That really hurt!
The searing ray misses the ogre.
You finish channeling your searing ray.
The ogre barely misses you.
A worker ant comes into view.
The ogre hits you with a +0 giant spiked club!!
Ouch! That really hurt!
You die...

#####
#...#.#
#@....#
##O..##
..).+
.....#
###..s#
....B
#####.
.. ..
#.#o.


You could see an ogre, a scorpion and a worker ant (wandering).

Vanquished Creatures
  A sky beast (D:5)
  An ogre (D:4)
  A scorpion (D:5)
  2 hounds
  2 worker ants
  3 gnolls (D:3)
  4 adders
  2 oozes
  2 worms
  2 leopard geckos
  3 giant cockroaches
  2 goblins (D:1)
  6 hobgoblins
  9 jackals (D:1)
  3 kobolds
  3 quokkas
  7 bats
  5 frilled lizards
  7 rats
65 creatures vanquished.

Notes
Turn   | Place    | Note
-------+----------+-------------------------------------------
     0 | D:5      | Phaedo the Octopode Delver began the quest for the Orb.
     0 | D:5      | Reached XP level 1. HP: 16/16 MP: 1/1
     2 | D:5      | Noticed a sky beast
    10 | D:5      | Noticed a worker ant
    13 | Temple   | Entered the Ecumenical Temple
   101 | Temple   | Became a worshipper of Vehumet
   132 | D:5      | Noticed a scorpion
   138 | D:5      | Killed a scorpion
   139 | D:5      | Reached skill level 8 in Stealth
   139 | D:5      | Reached XP level 2. HP: 2/21 MP: 2/2
   139 | D:5      | Reached XP level 3. HP: 3/26 MP: 3/3
   163 | D:5      | Killed a sky beast
   164 | D:5      | Reached skill level 9 in Stealth
   164 | D:5      | Reached XP level 4. HP: 6/31 MP: 4/4
   164 | D:5      | Reached XP level 5. HP: 7/36 MP: 5/5
   418 | D:5      | Found Vuegop's Antique Weapon Shop.
   441 | D:5      | Noticed an ogre
   542 | D:5      | Noticed a sky beast
   567 | D:5      | Found Ygouddeba's Magic Scroll Boutique.
   568 | D:5      | Found Fisavom's Antique Weapon Emporium.
   568 | D:5      | Noticed a centaur
   812 | D:4      | Found a snail-covered altar of Cheibriados.
   871 | D:4      | Reached skill level 1 in Evocations
  1110 | D:4      | Learned a level 2 spell: Searing Ray
  1242 | D:3      | Reached XP level 6. HP: 31/42 MP: 6/6
  1339 | D:3      | Reached skill level 1 in Conjurations
  1345 | D:3      | Got a fine war axe
  1346 | D:3      | Identified the cursed +1 war axe "Baliug" {vorpal, rPois}
                  | (You found it on level 3 of the Dungeon)
  2017 | D:3      | Found a bloodstained altar of Trog.
  2079 | D:2      | Found a bloodstained altar of Trog.
  2212 | D:1      | Reached * piety under Vehumet
  2212 | D:1      | Offered knowledge of Sandblast by Vehumet.
  2680 | D:1      | Reached skill level 1 in Spellcasting
  3095 | D:1      | Reached skill level 10 in Stealth
  3981 | D:4      | Reached skill level 1 in Axes
  3981 | D:4      | Reached skill level 1 in Shields
  3981 | D:4      | Reached XP level 7. HP: 33/46 MP: 2/8
  4185 | D:4      | Found a white marble altar of Elyvilon.
  4424 | D:5      | Mangled by an ogre

Illustrated notes

Levels and vault maps discovered:
D:1:      matt_arrival_refuge, layout_loops_corners, chequers_garden,
          corexii_leaking_fountain, hangedman_feature_mirror
D:2:      layout_loops_corners, old_standard_altar
D:3:      minmay_recursive_quarters, layout_loops_cross, bloody_trog
D:4:      layout_cave_pools, old_standard_altar, general_overflow_altar,
          minivault_24
D:5:      layout_basic, minmay_temple_entry_slanted, serial_shops,
          shop_fountains, kennysheep_mini, shop
Temple:   regret_index_temple_sphere_string

Skill      XL: |  1  2  3  4  5  6 |
---------------+-------------------+-----
Stealth        | 8 9 10 | 10.0
Evocations     | 1 |  1.0
Conjurations   | 2 |  2.1
Spellcasting   | 1 |  1.2
Axes           | 1 |  1.1
Shields        | 1 |  1.1
Fighting       | |  3.0
Polearms       | |  2.5
Dodging        | |  2.9

Action                   |  1- 3 |  4- 6 |  7- 9 || total
-------------------------+-------+-------+-------++-------
Melee: Spear             |       |    26 |       ||    26
       Tentacles         |       |    16 |       ||    16
       Constrict         |       |    21 |       ||    21
       War axe           |       |    80 |     1 ||    81
 Cast: Searing Ray       |       |     1 |     1 ||     2
Evoke: Wand              |     5 |     2 |       ||     7
  Use: Scroll            |     1 |     6 |       ||     7
       Potion            |       |     1 |       ||     1
 Stab: Sleeping          |       |    24 |     1 ||    25
       Distracted        |       |     1 |       ||     1
Armor: Skin              |       |     2 |       ||     2
Dodge: Dodged            |       |    63 |     1 ||    64
